 Dungeon Crawl Stone Soup version 0.24-a0-201-gf205589 (webtiles) character file.

Game seed: 13264773118784052863

8441 Borgoz the Slicer (level 11, 0/74 HPs)
             Began as a Halfling Fighter on Mar 24, 2019.
             Was a Believer of Ashenzari.
             Killed from afar by a frost giant (39 damage)
             ... with a bolt of cold
             ... on level 10 of the Dungeon.
             The game lasted 00:20:03 (9439 turns).

Borgoz the Slicer (Halfling Fighter)                Turns: 9439, Time: 00:20:04

Health: 0/74       AC: 10    Str: 17    XL:     11   Next: 55%
Magic:  0/15       EV: 15    Int: 10    God:    Ashenzari [**....]
Gold:   469        SH: 10    Dex: 16    Spells: 9/15 levels left

rFire    . . .     SeeInvis .   I - +6 quick blade (curse)
rCold    . . .     Gourm    .   c - +0 shield
rNeg     . . .     Faith    .   b - +0 scale mail
rPois    +         Spirit   +   (no helmet)
rElec    .         Reflect  .   g - scarf {Spirit}
rCorr    .         Harm     .   H - +1 pair of gloves
MR       .....                  (no boots)
Stlth    ++........             e - amulet of regeneration
HPRegen  0.62/turn              F - ring of poison resistance
MPRegen  0.14/turn              h - +2 ring of intelligence

@: no status effects
A: small, mutation resistance 1
a: Curse Item, Scrying, Renounce Religion


You were on level 10 of the Dungeon.
You worshipped Ashenzari.
Ashenzari was pleased with you.
You were not hungry.

You visited 2 branches of the dungeon, and saw 11 of its levels.

You collected 559 gold pieces.
You spent 90 gold pieces at shops.

Inventory:

Hand Weapons
 a - a +2 antimagic short sword
 s - a +0 rapier
 w - a +0 rapier
 y - a +3 short sword
 I - a cursed +6 quick blade (weapon)
Missiles
 x - 8 tomahawks (quivered)
Armour
 b - a +0 scale mail (worn)
 c - a +0 shield (worn)
 g - a scarf of spirit shield (worn)
 H - a +1 pair of gloves (worn)
Jewellery
 e - an amulet of regeneration (around neck)
 h - a +2 ring of intelligence (right hand)
 j - an uncursed ring of fire
 l - a +5 amulet of reflection
 r - an uncursed amulet of faith
 z - an uncursed ring of flight
 F - a ring of poison resistance (left hand)
 M - an uncursed ring of see invisible
Wands
 m - a wand of enslavement (12)
 L - a wand of iceblast (6)
Scrolls
 i - 4 scrolls of teleportation
 k - 3 scrolls of amnesia
 q - a scroll of fog
 G - 3 scrolls of enchant armour
 K - a scroll of remove curse
Potions
 d - 3 potions of might
 n - 4 potions of curing
 o - 3 potions of haste
 p - a potion of cancellation
 t - a potion of invisibility
 u - a potion of resistance
 v - a potion of ambrosia {unknown}
 A - a potion of mutation
 B - a potion of magic {unknown}
 C - 2 potions of flight
 D - a potion of brilliance
 E - 2 potions of heal wounds
 J - a potion of berserk rage
Comestibles
 f - 22 rations
 N - 2 chunks of flesh


   Skills:
 + Level 6.6 Fighting
 * Level 9.5(11.7) Short Blades
 + Level 3.7 Throwing
 * Level 9.2 Armour
 * Level 8.5 Dodging
 + Level 4.7 Stealth
 + Level 5.3 Shields
 + Level 2.7 Spellcasting
   Level 2.8 Hexes
 - Level 4.0 Charms
 - Level 3.0 Necromancy
 + Level 3.1 Evocations


You had 9 spell levels left.
You knew the following spells:

 Your Spells              Type           Power        Failure   Level  Hunger
a - Regeneration          Chrm/Necr      #.........   94%         3    ####...
b - Vampiric Draining     Necr           #.........   96%         3    ####...

Your spell library contained the following spells:

 Spells                   Type           Power        Failure   Level  Hunger
 Animate Skeleton         Necr           N/A          69%         1    ##.....
 Pain                     Necr           #...         69%         1    ##.....
 Slow                     Hex            #.......     85%         2    ###....
 Swiftness                Chrm/Air       #.......     92%         2    ###....
 Magic Dart               Conj           #...         98%         1    ##.....
 Shock                    Conj/Air       #...         98%         1    ##.....
 Sting                    Conj/Pois      #...         98%         1    ##.....
 Blink                    Tloc           N/A          99%         2    ###....
 Call Imp                 Summ           #.......     99%         2    ###....
 Poisonous Vapours        Pois/Air       #.....       99%         2    ###....
 Conjure Flame            Conj/Fire      #.......     100%        3    ####...
 Mephitic Cloud           Conj/Pois/Air  #.......     100%        3    ####...
 Static Discharge         Conj/Air       #.......     100%        3    ####...
 Airstrike                Air            #.........   100%        4    #####..
 Animate Dead             Necr           N/A          100%        4    #####..
 Olgreb's Toxic Radiance  Pois           #.......     100%        4    #####..
 Bolt of Magma            Conj/Fire/Erth #.........   100%        5    ######.
 Iskenderun's Battlesphe  Conj/Chrm      #.......     100%        5    ######.
 Lightning Bolt           Conj/Air       #.........   100%        5    ######.
 Venom Bolt               Conj/Pois      #.........   100%        5    ######.
 Iron Shot                Conj/Erth      #.........   100%        6    #######
 Orb of Destruction       Conj           #.........   100%        7    #######
 Spellforged Servitor     Conj/Summ      #.........   100%        7    #######


Dungeon Overview and Level Annotations

Branches:
Dungeon (10/15)            Temple (1/1) D:6
   Lair: D:8-11         Orc: D:9-12

Altars:
Ashenzari
Cheibriados
Dithmenos
Elyvilon
Fedhas
Gozag
Hepliaklqana
Kikubaaqudgha
Makhleb
Nemelex Xobeh
Okawaru
Qazlal
Ru
Sif Muna
Trog
Uskayaw
Vehumet
Wu Jian
Xom
Yredelemnul
Zin
The Shining One

Shops:
D:7 [[(*   D:9 %

Annotations:
D:9 2 transporters


Innate Abilities, Weirdness & Mutations

You are small and have problems with some larger weapons.
You are somewhat resistant to further mutation.


Message History

You kill the yak!
You start resting.
HP restored.
The frost giant is too close now for your liking.
The frost giant gestures at you while chanting.
The bolt of cold hits you!!!
There is an open door here.
Evoke which item? (* to show all) (? for menu, Esc to quit)
Aiming: Iceblast
Press: ? - help, Shift-Dir - straight line, f - frost giant
Aim: a frost giant, wielding the +5 broad axe of Balilu Lotu {freeze, +Inv} and wearing an uncursed ring of ice The mass of ice explodes!
The iceblast engulfs the frost giant.
The frost giant is lightly wounded.
You hear an angry hiss.
The frost giant gestures at you while chanting.
The bolt of cold hits you!
The frost giant points at you and mumbles some strange words.
The bolt of cold hits you!!!
Ouch! That really hurt!
You die...

, ##..##.##.##....#**#>..#
###.# #......#........#
......#,,### ,
,#......#........#.......#
...
,#......+........#.......#
... , ,#......#........#,
, * ,...
#......#........#, , ,,*
... ##...####.###'###* , *
# , ###...####.##....# ,,
#...........#.@..#,, , ,
#...........#.C..#
#...........#....# , ,
#...........#....# ,
,#...........#...(# , , ,,
,,#...........#....#, , ,
####..##..###..### , * ,
.## #..##..###..####.## *
,....#.........<.'.Y...o


You could see a frost giant.

Vanquished Creatures
  Erolcha (D:9)
  Pikel (D:7)
  A queen bee (D:8)
  A polar bear (D:10)
  A hippogriff (D:9)
  7 yaks
  A wyvern (D:8)
  Sigmund (D:4)
  A vampire (D:10)
  A steam dragon (D:5)
  Menkaure (D:7)
  A sky beast (D:5)
  3 ice beasts
  A phantom (D:4)
  4 ogres
  4 centaurs
  A wolf (D:10)
  A big kobold (D:8)
  5 bullfrogs
  4 scorpions
  14 killer bees (D:8)
  9 howler monkeys
  5 crimson imps
  8 hounds
  A centaur skeleton (D:7)
  2 orc priests
  A bullfrog skeleton (D:4)
  A jelly (D:5)
  2 orc wizards
  Jessica (D:3)
  7 worker ants
  2 iguanas
  A hound skeleton (D:9)
  A worker ant zombie (D:6)
  4 gnolls (D:4)
  A howler monkey skeleton (D:5)
  17 adders
  A shadow imp (D:9)
  A white imp (D:6)
  An adder skeleton (D:9)
  3 worms (D:2)
  2 dart slugs
  5 leopard geckos
  37 orcs
  A ball python (D:2)
  3 giant cockroaches
  7 goblins
  4 hobgoblins
  14 jackals
  11 kobolds
  4 quokkas
  10 bats
  4 frilled lizards
  A quokka skeleton (D:4)
  10 rats
237 creatures vanquished.

Vanquished Creatures (others)
  A steam dragon (D:5)
  A kobold (D:2)
2 creatures vanquished.

Grand Total: 239 creatures vanquished

Notes
Turn   | Place    | Note
-------+----------+-------------------------------------------
     0 | D:1      | Borgoz the Halfling Fighter began the quest for the Orb.
     0 | D:1      | Reached XP level 1. HP: 15/15 MP: 1/1
   236 | D:1      | Reached XP level 2. HP: 20/20 MP: 2/2
   515 | D:1      | Reached skill level 1 in Dodging
   754 | D:1      | Reached XP level 3. HP: 25/25 MP: 3/3
  1002 | D:2      | Reached skill level 1 in Stealth
  1021 | D:2      | Found a deep blue altar of Sif Muna.
  1159 | D:2      | Reached XP level 4. HP: 30/30 MP: 4/4
  1513 | D:2      | Reached XP level 5. HP: 36/36 MP: 1/5
  2223 | D:3      | Found an ornate altar of the Wu Jian Council.
  2330 | D:3      | Noticed Jessica
  2337 | D:3      | Reached skill level 1 in Throwing
  2342 | D:3      | Reached XP level 6. HP: 38/41 MP: 1/7
  2362 | D:3      | Killed Jessica
  2950 | D:4      | Noticed a phantom
  2974 | D:4      | Killed a phantom
  2974 | D:4      | Reached skill level 1 in Spellcasting
  2974 | D:4      | Reached XP level 7. HP: 33/46 MP: 2/8
  3481 | D:4      | Noticed Sigmund
  3485 | D:4      | Killed Sigmund
  3621 | D:4      | Reached skill level 5 in Armour
  3912 | D:5      | Entered Level 5 of the Dungeon
  3989 | D:5      | Reached skill level 1 in Evocations
  4229 | D:5      | Learned a level 3 spell: Regeneration
  4253 | D:5      | Reached XP level 8. HP: 52/52 MP: 3/9
  4461 | D:5      | HP: 1/52 [steam dragon/ball of steam (14)]
  4733 | D:5      | Reached skill level 5 in Fighting
  4733 | D:5      | Reached XP level 9. HP: 62/62 MP: 3/11
  4738 | D:5      | Learned a level 3 spell: Vampiric Draining
  5626 | D:6      | Found a staircase to the Ecumenical Temple.
  5742 | Temple   | Entered the Ecumenical Temple
  5915 | Temple   | Became a worshipper of Ashenzari the Shackled
  5949 | D:6      | Found a hazy altar of Hepliaklqana.
  6230 | D:7      | Found Sackib's General Store.
  6238 | D:7      | Bought a scarf of spirit shield for 90 gold pieces
  6343 | D:7      | Noticed Menkaure
  6349 | D:7      | Killed Menkaure
  6381 | D:7      | Reached XP level 10. HP: 58/68 MP: 4/12
  6506 | D:7      | Found Iczakhiq's Antique Armour Shoppe.
  6541 | D:7      | Found a hide-covered altar of Uskayaw.
  6543 | D:7      | Noticed Pikel
  6559 | D:7      | Killed Pikel
  6611 | D:7      | Found Mofim's Weapon Shop.
  6830 | D:7      | Reached * piety under Ashenzari
  6973 | D:7      | Found Qugu's Armour Boutique.
  7742 | D:8      | Identified a scroll of acquirement
  8421 | D:9      | Noticed Erolcha
  8429 | D:9      | Found an ancient bone altar of Kikubaaqudgha.
  8438 | D:9      | Killed Erolcha
  8438 | D:9      | Reached skill level 5 in Shields
  8438 | D:9      | Reached XP level 11. HP: 74/74 MP: 12/14
  8457 | D:9      | Found a basalt altar of Yredelemnul.
  8480 | D:9      | Noticed a flayed ghost
  8482 | D:9      | Noticed a death knight
  8485 | D:9      | Found a transporter.
  8584 | D:9      | Found a transporter.
  8783 | D:9      | Reached ** piety under Ashenzari
  8940 | D:9      | Found Buymanwu's Food Boutique.
  9109 | D:10     | Entered Level 10 of the Dungeon
  9141 | D:10     | Identified the +5 broad axe of Balilu Lotu {freeze, +Inv}
  9141 | D:10     | Noticed a frost giant
  9439 | D:10     | Killed from afar by a frost giant

Levels and vault maps discovered:
D:1:      noname_arrival_rooms_in_the_neighbourhood, layout_basic,
          amethyst_killhole, minivault_4
D:2:      layout_basic, nicolae_overflow_crystal_walls, minmay_tiny_reverse_x
D:3:      layout_loops_ring, lemuel_coloured_pillars_altar, first_ration,
          kennysheep_nub, minmay_puff, uniq_jessica
D:4:      layout_layer_cave, uniq_sigmund
D:5:      kennysheep_steamy, layout_basic
D:6:      layout_basic, kennysheep_little_box, minmay_temple_entry_large_hall,
          minmay_fire_ice_demons
D:7:      layout_layer_cave, eat_drink_and_be_merry_uskayaw, serial_shops, shop,
          shop, shop, shop, uniq_menkaure, uniq_pikel
D:8:      layout_loops_ring, david_nohive_1, hangedman_abyss_or_decor_passed
D:9:      layout_basic, gammafunk_temple_of_torment, serial_shops,
          nicolae_shop_temple_entry_statues_fountains, uniq_erolcha
D:10:     minmay_coctagon, layout_gridville, erik_lair_island,
          gammafunk_ghost_spectres, solitary_fountain, minmay_misc_feat_alley
Temple:   eino_temple_scatter_basement

Skill      XL: |  1  2  3  4  5  6  7  8  9 10 11 |
---------------+----------------------------------+-----
Dodging        | 1 2 3 7 8 |  8.5
Stealth        | 1 2 3 4 |  4.7
Short Blades   | 3 4 8 9 |  9.5
Armour         | 4 5 8 9 |  9.2
Throwing       | 1 2 3 |  3.7
Fighting       | 3 5 6 |  6.6
Spellcasting   | 1 2 |  2.7
Shields        | 4 5 |  5.3
Evocations     | 1 2 3 |  3.1
Hexes          | 2 |  2.8
Charms         | 4 |  4.0
Necromancy     | 3 |  3.0

Action                   |  1- 3 |  4- 6 |  7- 9 | 10-12 || total
-------------------------+-------+-------+-------+-------++-------
Melee: Rapier            |   112 |    11 |       |       ||   123
       Short sword       |       |   206 |   351 |   228 ||   785
       Quick blade       |       |       |       |   410 ||   410
Evoke: Wand              |       |     5 |    19 |     4 ||    28
  Use: Scroll            |       |     4 |    16 |     7 ||    27
       Potion            |       |       |     5 |     1 ||     6
 Stab: Paralysed         |       |       |     2 |       ||     2
       Invisible         |       |       |       |    11 ||    11
  Eat: Chunk             |     1 |     6 |    11 |    10 ||    28
Armor: Scale mail        |    29 |    34 |    46 |   100 ||   209
Dodge: Dodged            |    39 |    58 |   114 |   244 ||   455
Block: Shield            |    57 |   187 |   220 |   246 ||   710
       Reflection        |       |     6 |     1 |       ||     7

Table legend:
 A = Non-vault XP
 B = Vault XP
 C = Vault XP percentage of total XP
 D = Non-vault monster count
 E = Vault monster count
 F = Vault count percentage of total count
                 A         B        C        D         E       F
            +---------+---------+-------+---------+---------+-------
      Total |    6366 |    4385 |  40.8 |     202 |      37 |  15.5
            +---------+---------+-------+---------+---------+-------
        D:1 |      33 |       0 |   0.0 |      21 |       0 |   0.0
        D:2 |     123 |      17 |  12.1 |      28 |       2 |   6.7
        D:3 |     121 |      56 |  31.6 |      24 |       4 |  14.3
        D:4 |     311 |     208 |  40.1 |      16 |       1 |   5.9
        D:5 |     419 |     318 |  43.1 |      21 |       2 |   8.7
        D:6 |     711 |      60 |   7.8 |      18 |       2 |  10.0
        D:7 |     696 |     762 |  52.3 |      17 |       2 |  10.5
        D:8 |    1245 |    1187 |  48.8 |      26 |      15 |  36.6
        D:9 |    1943 |    1012 |  34.2 |      23 |       1 |   4.2
       D:10 |     764 |     765 |  50.0 |       8 |       8 |  50.0
            +---------+---------+-------+---------+---------+-------
